 Dungeon Crawl Stone Soup version 0.22-a0-247-gbddf880 (webtiles) character file.

2523 nikopol the Thaumaturge (level 9, 0/45 HPs)
             Began as a Deep Elf Fire Elementalist on Feb 26, 2018.
             Was a Believer of Sif Muna.
             Succumbed to a worker ant's poison
             ... on level 7 of the Dungeon.
             The game lasted 00:29:42 (7508 turns).

nikopol the Thaumaturge (DEFE)                      Turns: 7508, Time: 00:29:43

Health: 0/45       AC:  6    Str:  8    XL:     9   Next: 29%
Magic:  16/25      EV: 13    Int: 24    God:    Sif Muna [**....]
Gold:   283        SH:  0    Dex: 15    Spells: 13/28 levels left

rFire    . . .     SeeInvis .   (no weapon)
rCold    . . .     Gourm    +   (no shield)
rNeg     . . .     Faith    .   a - +0 robe
rPois    .         Spirit   .   (no helmet)
rElec    .         Reflect  .   s - +0 cloak
rCorr    +         Harm     .   u - +2 pair of gloves {Str+3}
MR       .....                  (no boots)
Stlth    +++.......             x - amulet of the gourmand
HPRegen  0.15/turn              t - ring of resist corrosion
MPRegen  0.19/turn              (no ring)

@: lethally poisoned (0 -> -3)
A: no striking features
a: Divine Energy, Renounce Religion


You were on level 7 of the Dungeon.
You worshipped Sif Muna.
Sif Muna was pleased with you.
You were full.

You visited 1 branch of the dungeon, and saw 7 of its levels.

You collected 283 gold pieces.

Inventory:

Armour
 a - a +0 robe (worn)
 s - a +0 cloak (worn)
 u - a +2 pair of gloves of strength (worn)
Jewellery
 t - a ring of resist corrosion (left hand)
 x - an amulet of the gourmand (around neck)
 C - an uncursed ring of protection from fire {unknown}
Wands
 q - a wand of iceblast (16)
Scrolls
 d - 5 scrolls of remove curse
 g - 2 scrolls of amnesia {unknown}
 h - 3 scrolls of teleportation {unknown}
 m - a scroll of blinking {unknown}
 o - a scroll of enchant weapon {unknown}
 v - a scroll of noise {unknown}
 y - a scroll of magic mapping {unknown}
 z - a scroll of enchant armour {unknown}
 A - a scroll of identify
 D - a scroll of fear {unknown}
Potions
 c - a potion of lignification {unknown}
 e - a potion of ambrosia
 f - 5 potions of might
 i - 3 potions of berserk rage
 j - a potion of degeneration {unknown}
 k - 6 potions of curing
 l - a potion of invisibility {unknown}
 n - a potion of mutation {unknown}
 p - 2 potions of heal wounds
 r - 4 potions of haste
 w - 2 potions of cancellation
 B - a potion of agility {unknown}
Comestibles
 b - 12 rations


   Skills:
 + Level 0.3 Fighting
 + Level 3.3 Dodging
 + Level 3.9 Stealth
 + Level 10.2 Spellcasting
 + Level 7.4 Conjurations
 + Level 8.2 Fire Magic


You had 13 spell levels left.
You knew the following spells:

 Your Spells              Type           Power        Failure   Level  Hunger
a - Flame Tongue          Conj/Fire      #####        1%          1    None
b - Throw Flame           Conj/Fire      #####.       1%          2    None
c - Conjure Flame         Conj/Fire      #####...     1%          3    None
d - Sticky Flame          Conj/Fire      #####...     1%          4    #......
e - Fireball              Conj/Fire      #####.....   5%          5    ####...


Dungeon Overview and Level Annotations

Branches:
Dungeon (7/15)             Temple (0/1) D:6

Altars:
Ashenzari
Cheibriados
Elyvilon
Hepliaklqana
Makhleb
Okawaru
Ru
Sif Muna
Vehumet
Yredelemnul

Annotations:
D:3 1 runed door
D:4 exclusion: statue


Message History

You kill the orc priest!
Sif Muna accepts your kill.
You hear a shout!
You hear an angry hiss.
You hear a shout! x3
Something hits you!
A shadow comes into view.
A worker ant, a sky beast and a hungry ghost come into view.
The worker ant bites you.
You are poisoned.
The worker ant poisons you!
Found a club.
You feel sick. The worker ant bites you. Something barely misses you.
You feel sick. Something hits you!
* * * LOW HITPOINT WARNING * * *
Something hits you.
* * * LOW HITPOINT WARNING * * *
Something hits you.
* * * LOW HITPOINT WARNING * * *
You miss something.
You die...

# #...#...)..######......... ..
#.####.......## #........
#.#..>....#.....####........
#.........####..............
.#......# #.######.......
#......# .............. #
#......# ##.........).. #.
##..########..#####.#....
#.###..####@{...# #.#....
#(#.......a.##########.#....
#..........#######..........
#.........5................#
#.........nY...............#
#........#s.W#...#...#......
...........#W#.a.#.#...#.#....#
...####....#..)#...#...# .
#..## .. ####............. .
..#


You could see a necrophage, a shadow, a worker ant, a crimson imp and a giant
cockroach.

Vanquished Creatures
  Pikel (D:5)
  Sigmund (D:3)
  2 ice beasts (D:7)
  2 sky beasts
  The ghost of Gorglomux the Skirmisher, an amateur MiWr (D:3)
  A slave (D:5)
  4 ogres
  2 centaurs (D:5)
  A bullfrog (D:6)
  Crazy Yiuf (D:3)
  5 orc wizards
  A bullfrog skeleton (D:7)
  A hound (D:5)
  5 orc priests
  A centaur skeleton (D:5)
  A human skeleton (D:3)
  3 iguanas
  4 worker ants
  Ijyb (D:3)
  A killer bee zombie (D:5)
  A hound skeleton (D:7)
  Robin (D:4)
  3 gnolls (D:5)
  8 adders
  A shadow imp (D:7)
  3 worms
  3 dart slugs
  3 leopard geckos
  16 orcs
  6 bats
  3 giant cockroaches
  16 hobgoblins
  6 jackals
  3 quokkas
  4 ball pythons
  4 frilled lizards
  A giant cockroach zombie (D:5)
  11 goblins
  5 kobolds
  A kobold skeleton (D:3)
  A quokka skeleton (D:4)
  3 rats
142 creatures vanquished.

Notes
Turn   | Place    | Note
-------+----------+-------------------------------------------
     0 | D:1      | nikopol the Deep Elf Fire Elementalist began the quest for the Orb.
     0 | D:1      | Reached XP level 1. HP: 10/10 MP: 6/6
   220 | D:1      | Reached XP level 2. HP: 15/15 MP: 6/8
   224 | D:1      | Learned a level 2 spell: Throw Flame
   640 | D:1      | Reached XP level 3. HP: 19/19 MP: 3/10
   926 | D:2      | Reached skill level 4 in Spellcasting
  1071 | D:2      | Learned a level 3 spell: Conjure Flame
  1110 | D:2      | Found an iron altar of Okawaru.
  1112 | D:2      | Found a white marble altar of Elyvilon.
  1346 | D:3      | Noticed a scorpion
  1577 | D:3      | Noticed Sigmund
  1645 | D:3      | Found a runed door.
  1645 | D:3      | Noticed a human
  1661 | D:3      | Reached XP level 4. HP: 7/24 MP: 3/12
  2050 | D:3      | Noticed Ijyb
  2059 | D:3      | Killed Ijyb
  2065 | D:3      | Learned a level 4 spell: Sticky Flame
  2400 | D:3      | Found a basalt altar of Yredelemnul.
  2452 | D:3      | Reached XP level 5. HP: 28/28 MP: 1/14
  2627 | D:3      | Noticed Gorglomux's ghost (amateur MiWr)
  2627 | D:3      | Reached skill level 5 in Spellcasting
  2844 | D:3      | Killed Gorglomux's ghost
  2844 | D:3      | Reached skill level 5 in Fire Magic
  2844 | D:3      | Reached XP level 6. HP: 32/32 MP: 3/16
  3331 | D:3      | Killed Sigmund
  3331 | D:3      | Reached skill level 6 in Spellcasting
  3564 | D:3      | Found a runed door.
  3568 | D:3      | Noticed Crazy Yiuf
  3573 | D:3      | Killed Crazy Yiuf
  3728 | D:3      | Reached XP level 7. HP: 36/36 MP: 13/18
  3743 | D:3      | Found a deep blue altar of Sif Muna.
  3751 | D:3      | Became a worshipper of Sif Muna the Loreminder
  3968 | D:4      | Noticed Robin
  3972 | D:4      | Killed Robin
  4231 | D:4      | Found a hazy altar of Hepliaklqana.
  4295 | D:4      | Reached skill level 7 in Spellcasting
  4646 | D:4      | Reached * piety under Sif Muna
  4824 | D:4      | Found a radiant altar of Vehumet.
  5002 | D:5      | Entered Level 5 of the Dungeon
  5035 | D:5      | Found a snail-covered altar of Cheibriados.
  5207 | D:5      | Reached skill level 5 in Conjurations
  5226 | D:5      | Reached XP level 8. HP: 35/41 MP: 4/21
  5234 | D:5      | Learned a level 5 spell: Fireball
  5427 | D:5      | Reached skill level 8 in Spellcasting
  5511 | D:5      | Found a sacrificial altar of Ru.
  5967 | D:5      | Noticed Pikel
  5983 | D:5      | Killed Pikel
  5983 | D:5      | Reached ** piety under Sif Muna
  5983 | D:5      | Reached skill level 9 in Spellcasting
  6610 | D:6      | Reached XP level 9. HP: 33/45 MP: 14/24
  6757 | D:6      | Found a shattered altar of Ashenzari.
  6832 | D:6      | Found a burning altar of Makhleb.
  6851 | D:6      | Found a staircase to the Ecumenical Temple.
  7423 | D:7      | Reached skill level 10 in Spellcasting
  7507 | D:7      | HP: 1/45 [something (3)]
  7508 | D:7      | Succumbed to a worker ant's poison

Vault maps used:
D:1:      lightli_arrival_flooded_house, minmay_split_cup_small
D:2:      minitemple, lemuel_old_faithful
D:3:      lemuel_blue_sif_altar, dk_yredelemnul_ordeal, uniq_ijyb, uniq_sigmund,
          uniq_crazy_yiuf_cottage
D:4:      lemuel_round_altar, vehumet_statue, uniq_robin
D:5:      nicolae_ru_sacrificial_ziggurat, kennysheep_mini, first_ration,
          uniq_pikel
D:6:      kennysheep_little_box, temple_fountains, ashenzari_altar_1
D:7:      cheibrodos_fzero, minmay_misc_feat_iff, nicolae_dithmenos_the_darkroom

Skill      XL: |  1  2  3  4  5  6  7  8  9 |
---------------+----------------------------+-----
Spellcasting   | 4 5 6 7 9 10 | 10.2
Fire Magic     | 4 5 6 7 8 |  8.2
Conjurations   | 2 3 4 5 6 7 |  7.4
Stealth        | 3 |  3.9
Dodging        | 3 |  3.3
Fighting       | |  0.3

Action                   |  1- 3 |  4- 6 |  7- 9 || total
-------------------------+-------+-------+-------++-------
Melee: Unarmed           |       |       |     1 ||     1
 Cast: Flame Tongue      |    80 |    77 |   184 ||   341
       Conjure Flame     |     1 |     4 |     9 ||    14
       Throw Flame       |       |    11 |    27 ||    38
       Sticky Flame      |       |     2 |    14 ||    16
       Fireball          |       |       |     2 ||     2
  Use: Scroll            |       |     1 |     5 ||     6
       Potion            |       |     1 |       ||     1
  Eat: Chunk             |     1 |     1 |    19 ||    21
       Ration            |       |     2 |       ||     2
Armor: Robe              |     1 |     1 |    12 ||    14
Dodge: Dodged            |     8 |    16 |    36 ||    60

Table legend:
 A = Spawn XP
 B = Non-spawn XP
 C = Spawn XP percentage of total XP
 D = Spawn monster count
 E = Non-spawn monster count
 F = Spawn count percentage of total count
 G = Total turns spent on level
                    A         B        C        D         E        F      G
               +---------+---------+-------+---------+---------+-------+---------
         Total |       0 |    3605 |   0.0 |       0 |     141 |   0.0 |  7508
               +---------+---------+-------+---------+---------+-------+---------
           D:1 |       0 |      42 |   0.0 |       0 |      24 |   0.0 |   830
           D:2 |       0 |      23 |   0.0 |       0 |      11 |   0.0 |  1068
           D:3 |       0 |     672 |   0.0 |       0 |      27 |   0.0 |  2059
           D:4 |       0 |     477 |   0.0 |       0 |      32 |   0.0 |  1045
           D:5 |       0 |    1402 |   0.0 |       0 |      24 |   0.0 |  1278
           D:6 |       0 |     439 |   0.0 |       0 |      11 |   0.0 |   780
           D:7 |       0 |     550 |   0.0 |       0 |      12 |   0.0 |   448
               +---------+---------+-------+---------+---------+-------+---------
